 Dungeon Crawl Stone Soup version 0.30.1-11-g7821555f0a (webtiles) character file.

Game seed: 15330105577184391203

2618 Dordric the Hill Orc Disaster (level 9, -8/70 HPs)
             Began as a Hill Orc Monk on Oct 30, 2023.
             Was a Believer of Qazlal.
             Mangled by a troll (14 damage)
             ... on level 7 of the Dungeon.
             The game lasted 00:08:02 (7459 turns).

Dordric the Hill Orc Disaster (Hill Orc Monk)       Turns: 7459, Time: 00:08:03

Health: -8/70      AC: 10    Str: 18    XL:     9   Next: 60%
Magic:  16/19      EV:  8    Int: 16    God:    Qazlal [**....]
Gold:   401        SH:  2    Dex: 13    Spells: 8/8 levels left

rFire   . . .        g - +2 war axe
rCold   . . .        d - orb {light}
rNeg    . . .        j - +0 chain mail
rPois   .            k - +0 helmet
rElec   .            (no cloak)
rCorr   .            o - +0 pair of gloves
SInv    .            (no boots)
Will    .....        D - amulet of the acrobat Stlth
                     a - +6 ring of intelligence
HPRegen 0.31/turn    (no ring)
MPRegen 0.16/turn

%: acrobat
@: glowing
A: no striking features
a: Renounce Religion, Upheaval


You were on level 7 of the Dungeon.
You worshipped Qazlal.
Qazlal was pleased with you.
You visited 1 branch of the dungeon, and saw 8 of its levels.
You also visited: Sewer.

You collected 401 gold pieces.

Inventory:

Hand Weapons
 g - a +2 war axe (weapon)
Missiles
 v - a throwing net (quivered)
Armour
 b - a +0 robe
 d - an orb of light (worn)
 j - a +0 chain mail (worn)
 k - a +0 helmet (worn)
 o - a +0 pair of gloves (worn)
 t - a +0 kite shield
Jewellery
 a - a +6 ring of intelligence (left hand)
 D - an amulet of the acrobat (around neck)
Wands
 s - a wand of flame (10)
 u - a wand of roots (7)
Scrolls
 e - a scroll of magic mapping {unknown}
 l - a scroll of poison {unknown}
 m - 2 scrolls of enchant weapon
 n - 4 scrolls of teleportation
 x - 2 scrolls of fear
 y - 2 scrolls of fog
 z - a scroll of silence
 A - a scroll of vulnerability
 B - 2 scrolls of amnesia
 E - a scroll of noise {unknown}
Potions
 c - a potion of ambrosia
 f - a potion of curing {unknown}
 h - a potion of haste {unknown}
 i - 3 potions of heal wounds {unknown}
 p - 2 potions of mutation {unknown}
 q - 2 potions of cancellation {unknown}
 r - a potion of might {unknown}
 w - 2 potions of magic {unknown}
 C - 5 potions of flight
 F - a potion of lignification {unknown}


   Skills:
 - Level 3.6 Fighting
 - Level 9.8 Axes
 - Level 2.4 Dodging
 + Level 13.7 Invocations


You had 8 spell levels left.
You didn't know any spells.
Your spell library contained the following spells:

 Spells                   Type           Power      Damage    Failure   Level
 Apportation              Tloc           0%         N/A       95%         1
 Necrotise                Necr           0%         1d4       95%         1
 Summon Small Mammal      Summ           0%         N/A       95%         1
 Tukima's Dance           Hex            0%         N/A       100%        3
 Passage of Golubria      Tloc           0%         N/A       100%        4
 Yara's Violent Unravell  Hex/Tmut       0%         3d3       100%        5


Dungeon Overview and Level Annotations

Branches:
Dungeon (8/15)             Temple (0/1) D:7           Sewer (visited)
   Lair: D:8-11

Altars:
Qazlal
Ru
Trog
Uskayaw
Xom

Shops:
D:2 [   D:6 !

Annotations:
D:4 2 transporters, psuckher's ghost, amateur DgFE


Message History

Things that are here:
a +0 robe; a +0 hand axe
Aiming: Upheaval
Press: ? - help, Dir - move target, f/p - troll
Aim: a troll (haloed)
Okay, then.
The wight attacks as you move away! The wight completely misses you.
The troll attacks as you move away! The troll misses you.
The troll completely misses you. x2
Aiming: Upheaval
Press: ? - help, Dir - move target, f - wight, p - troll
Aim: a wight, wielding a +4 morningstar and wearing a +0 robe (haloed) Magma suddenly erupts from the ground!
The blast of magma engulfs the wight!!!
You destroy the wight!
Qazlal accepts your kill.
The blast of magma engulfs the troll!!
The troll is heavily wounded.
The troll bites you! The troll barely misses you.
The troll claws you but does no damage.
Your life force feels restored.
You hit the troll.
The troll is severely wounded.
You block the troll's attack. The troll claws you. The troll barely misses you.
You completely miss the troll.
The troll is severely wounded.
The troll bites you.
* * * LOW HITPOINT WARNING * * *
The troll claws you but does no damage. The troll claws you.
* * * LOW HITPOINT WARNING * * *
You slash the troll!
The troll is severely wounded.
The troll bites you.
* * * LOW HITPOINT WARNING * * *
The troll barely misses you. The troll claws you.
* * * LOW HITPOINT WARNING * * *
You hit the troll.
The troll is severely wounded.
The troll bites you!
You die...

#........(..#.##
#.#########.#.## #########
#.# #.#.## ..).....# #.#
#.#.## #######.# #.# #.#.##
# #.# #.# #####.....
#######.# #.# #.......##
.....##.##########.#
#.#######
####.........≈>T@..# ##.##
# ####.######≈#####
##...####### #.# #.#
#........... #.#
#.#######....######.
#######.#
##.................#.
........#
##...######....####.#.
############..#..#####.#.##
#.#< #...###.......#.# #.#.
#.#..#..#######.# #.#.


You could see a troll.

Vanquished Creatures
  Pikel (D:6)
  Prince Ribbit (D:5)
  Grinder (D:6)
  A water moccasin (D:5)
  2 ice beasts
  3 sky beasts
  2 ogres
  3 scorpions
  3 wights (D:7)
  2 howler monkeys
  A hound (D:4)
  An orc priest (D:5)
  A gnoll bouda (D:6)
  6 iguanas
  An orc wizard (D:4)
  11 gnolls
  2 river rats
  13 adders
  A shadow imp (D:4)
  2 ufetubi
  5 worms
  3 dart slugs
  15 orcs
  8 ball pythons
  2 endoplasms
  11 giant cockroaches
  6 goblins
  9 hobgoblins
  10 jackals
  3 quokkas
  12 bats
  3 frilled lizards
  10 kobolds
  5 rats
160 creatures vanquished.

Notes
Turn   | Place    | Note
-------+----------+-------------------------------------------
     0 | D:1      | Dordric the Hill Orc Monk began the quest for the Orb.
     0 | D:1      | Reached XP level 1. HP: 19/19 MP: 1/1
    54 | D:1      | Reached XP level 2. HP: 26/26 MP: 2/2
   334 | D:1      | Reached skill level 5 in Axes
   658 | D:1      | Reached XP level 3. HP: 31/31 MP: 3/3
  1100 | D:2      | Reached XP level 4. HP: 26/39 MP: 4/4
  1228 | D:2      | Found Salliast's Armour Shop.
  1405 | D:2      | Found a shimmering altar of Xom.
  1853 | D:3      | Reached XP level 5. HP: 36/45 MP: 5/5
  2084 | D:3      | Noticed a +0 dagger
  2084 | D:3      | Noticed a +0 dagger
  2086 | D:3      | Found a hide-covered altar of Uskayaw.
  2432 | D:4      | Found a sacrificial altar of Ru.
  2456 | D:4      | Found a transporter.
  2463 | D:4      | Noticed a small abomination
  2500 | D:4      | Reached XP level 6. HP: 43/51 MP: 6/6
  2653 | D:4      | Found a glowing drain.
  2696 | Sewer    | Entered a sewer
  3932 | D:4      | Found a stormy altar of Qazlal.
  3940 | D:4      | Noticed psuckher's ghost (amateur DgFE)
  3961 | D:4      | Found a transporter.
  4232 | D:4      | Became a worshipper of Qazlal Stormbringer
  4232 | D:4      | Reached * piety under Qazlal
  4232 | D:4      | Reached ** piety under Qazlal
  4262 | D:5      | Entered Level 5 of the Dungeon
  4434 | D:5      | Reached skill level 2 in Invocations
  4434 | D:5      | Reached XP level 7. HP: 48/57 MP: 6/8
  4505 | D:5      | Reached skill level 4 in Invocations
  4608 | D:5      | Reached skill level 5 in Invocations
  4715 | D:5      | Reached skill level 6 in Invocations
  5050 | D:6      | Noticed Pikel
  5052 | D:6      | Killed Pikel
  5053 | D:6      | Reached skill level 9 in Invocations
  5053 | D:6      | Reached XP level 8. HP: 62/64 MP: 5/14
  5077 | D:6      | Noticed Grinder
  5081 | D:6      | Noticed Prince Ribbit
  5084 | D:6      | Killed Grinder
  5085 | D:6      | Reached skill level 10 in Invocations
  5218 | D:5      | Killed Prince Ribbit
  5219 | D:5      | Reached skill level 11 in Invocations
  5219 | D:5      | Reached XP level 9. HP: 64/70 MP: 15/17
  5375 | D:6      | Reached skill level 12 in Invocations
  6117 | D:6      | Found a bloodstained altar of Trog.
  6132 | D:6      | Found Saomah's Distillery.
  6677 | D:7      | Reached skill level 13 in Invocations
  7229 | D:7      | Found a staircase to the Ecumenical Temple.
  7361 | D:8      | Noticed a troll
  7459 | D:7      | Mangled by a troll

Illustrated notes

Levels and vault maps discovered:
D:1:      erik_arrival_blinker_ship, layout_loops_ring,
          minmay_misc_feat_enclosed
D:2:      layout_basic, serial_shops, shop, basic_altar
D:3:      layout_basic, dancing_weapons_uskayaw
D:4:      layout_loops_ring, lemuel_crystal_altar,
          mainiacjoe_overflow_surrounded_room, gammafunk_ghost_abyssal_escape,
          portal_sewer_entry_c, st_stairs_9
D:5:      layout_loops_ring, minmay_hedge_maze
D:6:      layout_rooms, mainiacjoe_overflow_six_doors_small, serial_shops,
          nicolae_shop_statue_plus, uniq_prince_ribbit1, uniq_pikel,
          uniq_grinder
D:7:      layout_loops_ring, minmay_temple_entry_enclosed_plants
D:8:      layout_loops_corners, minmay_between, uniq_maurice

Skill      XL: |  1  2  3  4  5  6  7  8  9 |
---------------+----------------------------+-----
Axes           | 5 6 7 8 9 |  9.8
Invocations    | 2 9 11 13 | 13.7
Fighting       | |  3.6
Dodging        | |  2.4

Action                     |  1- 3 |  4- 6 |  7- 9 || total
---------------------------+-------+-------+-------++-------
  Melee: Hand axe          |    86 |   315 |       ||   401
         War axe           |       |    15 |   134 ||   149
 Invoke: Upheaval          |       |       |     5 ||     5
    Use: Scroll            |       |     7 |     2 ||     9
 Armour: Robe              |     3 |       |       ||     3
         Chain mail        |    44 |   230 |    58 ||   332
  Dodge: Dodged            |    25 |   116 |    54 ||   195
  Block: Orb               |       |     1 |    18 ||    19
